 Dungeon Crawl Stone Soup version 0.27.0-1-g7a089689b8 (webtiles) character file.

Game seed: 2100107568224462279

54 Hoon the Cutter (level 4, -1/29 HPs)
             Began as a Kobold Monk on Aug 13, 2021.
             Was an Elder of Lugonu.
             Slain by a worm (3 damage)
             ... on level 2 of the Dungeon.
             The game lasted 00:15:01 (1883 turns).

Hoon the Cutter (Kobold Monk)                       Turns: 1883, Time: 00:15:01

Health: -1/29      AC:  3    Str:  8    XL:     4   Next: 12%
Magic:  4/4        EV: 16    Int: 11    God:    Lugonu [****..]
Gold:   68         SH:  0    Dex: 18    Spells: 3/3 levels left

rFire    . . .     SeeInvis .   a - +0 short sword
rCold    . . .     Faith    +   (shield restricted)
rNeg     . . .     Spirit   .   b - +1 robe
rPois    .         Reflect  .   (no helmet)
rElec    .         Harm     .   (no cloak)
rCorr    .         Rampage  .   (no gloves)
Will     .....                  (no boots)
Stlth    ++++......             c - amulet of faith
HPRegen  0.09/turn              (no ring)
MPRegen  0.09/turn              (no ring)

@: hasted, very quick
A: small, no large weapons, nightstalker 3
a: Renounce Religion, Depart the Abyss, Bend Space, Banish, Corrupt


You were on level 2 of the Dungeon.
You worshipped Lugonu.
Lugonu was greatly pleased with you.
You visited 1 branch of the dungeon, and saw 2 of its levels.

You collected 68 gold pieces.

Inventory:

Hand Weapons
 a - a +0 short sword (weapon)
Armour
 b - a +1 robe (worn)
Jewellery
 c - an amulet of faith (around neck)
Scrolls
 d - a scroll of enchant weapon {unknown}
Potions
 f - 3 potions of brilliance


   Skills:
 + Level 3.7 Fighting
 + Level 4.8 Short Blades
 + Level 4.2 Dodging
 + Level 3.5 Stealth
 * Level 0.4 Invocations


You had 3 spell levels left.
You didn't know any spells.
Your spell library was empty.

Dungeon Overview and Level Annotations

Branches:
Dungeon (2/15)

Altars:
Lugonu


Innate Abilities, Weirdness & Mutations

You are small and have problems with some larger weapons.
You are completely attuned to the shadows.


Message History

Press: ? - help, Shift-Dir - straight line, f - worm
Aim: a worm (lightly wounded, chance to affect: 85%)
You fail to use your ability.
The worm misses you.
Okay, then.
You feel yourself speed up.
You hit the worm.
The worm is moderately wounded.
The worm barely misses you.
You hit the worm but do no damage.
The worm is moderately wounded.
You hit the worm.
The worm is moderately wounded.
You barely miss the worm.
The worm is moderately wounded.
The worm bites you.
* * * LOW HITPOINT WARNING * * *
You hit the worm but do no damage.
The worm is moderately wounded.
You hit the worm.
The worm is moderately wounded.
You hit the worm.
The worm is heavily wounded.
The worm bites you.
* * * LOW HITPOINT WARNING * * *
You hit the worm.
The worm is heavily wounded.
You hit the worm.
The worm is almost dead.
You barely miss the worm.
The worm is almost dead.
You hit the worm.
The worm is almost dead.
The worm bites you.
* * * LOW HITPOINT WARNING * * *
You hit the worm but do no damage.
The worm is almost dead.
You hit the worm.
The worm is almost dead.
The worm bites you.
You die...

#....##.#..#.#####
#<......#....#
##.#######.#.
###.# #...# #...#
#(..# ###.##+###
#@w..... ###.....
#..... ######


You could see a worm.

Vanquished Creatures
  An adder (D:2)
  5 ball pythons
  3 endoplasms
  2 giant cockroaches (D:1)
  7 goblins
  3 hobgoblins
  6 jackals
  A kobold (D:1)
  2 quokkas
  2 bats (D:1)
  2 frilled lizards
  7 rats
41 creatures vanquished.

Notes
Turn   | Place    | Note
-------+----------+-------------------------------------------
     0 | D:1      | Hoon the Kobold Monk began the quest for the Orb.
     0 | D:1      | Reached XP level 1. HP: 14/14 MP: 1/1
   318 | D:1      | Found a faded altar of an unknown god.
   344 | D:1      | Became a worshipper of Lugonu the Unformed
   344 | D:1      | Reached * piety under Lugonu
   344 | D:1      | Reached ** piety under Lugonu
   344 | D:1      | Reached *** piety under Lugonu
   423 | D:1      | Reached XP level 2. HP: 19/19 MP: 2/2
   678 | D:1      | Reached XP level 3. HP: 23/23 MP: 3/3
  1195 | D:2      | Reached **** piety under Lugonu
  1720 | D:2      | Reached XP level 4. HP: 29/29 MP: 4/4
  1883 | D:2      | Slain by a worm

Illustrated notes

Levels and vault maps discovered:
D:1:      dpeg_arrival_subterranean_lakeside_camping, layout_basic,
          shapermc_ecumenical_altar_mp_highgroup
D:2:      layout_basic

Skill      XL: |  1  2 |
---------------+-------+-----
Stealth        | 3 |  3.5
Dodging        | 4 |  4.2
Fighting       | |  3.7
Short Blades   | |  4.8
Invocations    | |  0.4

Action                   |  1- 3 |  4- 6 || total
-------------------------+-------+-------++-------
Melee: Short sword       |   111 |    32 ||   143
  Use: Scroll            |     4 |     1 ||     5
       Potion            |       |     1 ||     1
 Stab: Sleeping          |    10 |     3 ||    13
Armor: Robe              |    10 |       ||    10
Dodge: Dodged            |    72 |     7 ||    79
